 Dungeon Crawl Stone Soup version 0.23-a0-175-g97aacdb (webtiles) character file.

91 Kikal the Ruffian (level 4, 0/35 HPs)
             Began as a Mummy Monk on Sept 16, 2018.
             Slain by an orc wizard
             ... wielding a +0 dagger
              (2 damage)
             ... on level 3 of the Dungeon.
             The game lasted 00:08:15 (2567 turns).

Kikal the Ruffian (Mummy Monk)                      Turns: 2567, Time: 00:08:16

Health: 0/35       AC:  3    Str: 15    XL:     4   Next: 34%
Magic:  4/4        EV: 12    Int:  9    God:
Gold:   88         SH:  0    Dex: 14    Spells: 3/3 levels left

rFire    x . .     SeeInvis .   j - +3 dagger (elec)
rCold    + . .     Gourm    .   (no shield)
rNeg     + + +     Faith    .   g - +0 leather armour
rPois    ∞         Spirit   .   (no helmet)
rElec    .         Reflect  .   (no cloak)
rCorr    .         Harm     .   (no gloves)
MR       .....                  (no boots)
Stlth    ++........             h - amulet of magic regeneration
HPRegen  0.11/turn              (no ring)
MPRegen  0.34/turn              (no ring)

@: very slightly contaminated
A: no food or potions, fire vulnerability, cold resistance 1, negative energy
resistance 3, torment resistance, unbreathing
a: no special abilities


You were on level 3 of the Dungeon.
You were not hungry.

You visited 1 branch of the dungeon, and saw 3 of its levels.

You collected 88 gold pieces.

Inventory:

Hand Weapons
 f - a +0 hunting sling
 j - a +3 dagger of electrocution (weapon)
Missiles
 k - 14 poisoned needles
Armour
 a - a +0 robe
 g - a +0 leather armour (worn)
 m - a +0 chain mail
 n - a +0 shield
Jewellery
 h - an amulet of magic regeneration (around neck)
Scrolls
 b - a scroll of fear {unknown}
 c - a scroll of teleportation {unknown}
 e - 2 scrolls of identify {unknown}
 l - a scroll of amnesia


   Skills:
 - Level 3.0 Fighting
 - Level 2.4 Dodging
 - Level 1.5 Stealth
 + Level 4.3 Unarmed Combat


You had 3 spell levels left.
You didn't know any spells.
Your spell library was empty.

Dungeon Overview and Level Annotations

Branches:
Dungeon (3/15)

Altars:
Elyvilon


Innate Abilities, Weirdness & Mutations

You do not eat or drink.
Your flesh is vulnerable to fire.
You are immune to poison.
Your flesh is cold resistant. (rC+)
You are immune to negative energy. (rN+++)
You are immune to unholy pain and torment.
You can survive without breathing.


Message History

* * * LOW HITPOINT WARNING * * *
You take 5 damage, and have 1/35 hp.
You can't drink.
Unknown command.
Blink to where?
You are very lightly contaminated with residual magic.
As you read the scroll labeled QIGARI YKISUN, it crumbles to dust.
It was a scroll of blinking.
As you read the scroll labeled REHIB EMOONG, it crumbles to dust.
It is a scroll of amnesia.
You feel forgetful for a moment.
As you read the scroll labeled AVUOMYWO CESA, it crumbles to dust.
It is a scroll of enchant weapon.
Your dagger of electrocution glows red for a moment.
The orc wizard misses you.
Wield which item (- for none, * to show all)? (? for menu, Esc to quit)
You hear the crackle of electricity.
j - a +3 dagger of electrocution (weapon)
You barely miss the orc wizard. The orc wizard hits you with a dagger.
You die...

#.# ##.##'#.#.# ####.#
.......o#.# ...#.#
##.##'#.#.# ...#.# #..#)#.#
...#.# +. #)#.## ...#.#
#.####.#..+ ## #.#
..........#
.###†#############.# #+#
...#....%.......@o.###.# ##
##.....###)....!....##.# ..#
#...................##.# ..#
#.#####.##..........##.# ...#
#.#................###.##...#
#.#.##......#####.####......#
#.#.##.#......# #....'......#
#.#........######..###......#
#.#.....#......##..# #......#


You could see an orc wizard.

Vanquished Creatures
  4 adders
  3 leopard geckos
  3 orcs (D:3)
  3 giant cockroaches
  11 goblins
  3 hobgoblins
  2 quokkas
  3 ball pythons
  7 bats
  A frilled lizard (D:3)
  4 kobolds
  6 rats
50 creatures vanquished.

Notes
Turn   | Place    | Note
-------+----------+-------------------------------------------
     0 | D:1      | Kikal the Mummy Monk began the quest for the Orb.
     0 | D:1      | Reached XP level 1. HP: 18/18 MP: 1/1
   106 | D:1      | Reached XP level 2. HP: 24/24 MP: 2/2
   133 | D:1      | Reached skill level 3 in Unarmed Combat
  1167 | D:2      | Reached XP level 3. HP: 25/29 MP: 3/3
  1821 | D:2      | Found a white marble altar of Elyvilon.
  1956 | D:2      | Found a faded altar of an unknown god.
  2138 | D:2      | Reached skill level 4 in Unarmed Combat
  2202 | D:2      | Reached XP level 4. HP: 31/35 MP: 4/4
  2559 | D:3      | HP: 1/35 [orc wizard/dagger (4)]
  2567 | D:3      | Slain by an orc wizard

Vault maps used:
D:1:      doesnt_arrival_eight_statues
D:2:      chequers_ecumenical_altar_grove, elyvilon_altar_1
D:3:      minmay_door_path

Skill      XL: |  1  2  3 |
---------------+----------+-----
Unarmed Combat | 3 4 |  4.3
Fighting       | |  3.0
Dodging        | |  2.4
Stealth        | |  1.5

Action                   |  1- 3 |  4- 6 || total
-------------------------+-------+-------++-------
Melee: Unarmed           |   148 |    56 ||   204
       Punch             |     1 |     1 ||     2
       Dagger            |       |     1 ||     1
  Use: Scroll            |       |     3 ||     3
 Stab: Sleeping          |     1 |     1 ||     2
Armor: Robe              |     4 |       ||     4
       Leather armour    |    26 |    17 ||    43
Dodge: Dodged            |    91 |    36 ||   127

Table legend:
 A = Non-vault XP
 B = Vault XP
 C = Vault XP percentage of total XP
 D = Non-vault monster count
 E = Vault monster count
 F = Vault count percentage of total count
                 A         B        C        D         E       F
            +---------+---------+-------+---------+---------+-------
      Total |     131 |       0 |   0.0 |      50 |       0 |   0.0
            +---------+---------+-------+---------+---------+-------
        D:1 |      31 |       0 |   0.0 |      18 |       0 |   0.0
        D:2 |      66 |       0 |   0.0 |      20 |       0 |   0.0
        D:3 |      34 |       0 |   0.0 |      12 |       0 |   0.0
            +---------+---------+-------+---------+---------+-------
